 Dungeon Crawl Stone Soup version 0.25-a0-285-gcba6f664f8 (webtiles) character file.

Game seed: 17637409617843167662, levelgen mode: deterministic

23 Esekla the Ducker (level 2, 0/18 HPs)
             Began as a Deep Elf Abyssal Knight on Dec 12, 2019.
             Was a Follower of Lugonu.
             Slain by a hound (4 damage)
             ... on level 4 of the Dungeon.
             The game lasted 00:02:42 (318 turns).

Esekla the Ducker (Deep Elf Abyssal Knight)          Turns: 318, Time: 00:02:43

Health: 0/18       AC:  3    Str:  9    XL:     2   Next: 75%
Magic:  5/5        EV: 12    Int: 16    God:    Lugonu [*.....]
Gold:   11         SH:  0    Dex: 14    Spells: 1/1 levels left

rFire    . . .     SeeInvis .   a - +1 falchion
rCold    . . .     Gourm    .   (no shield)
rNeg     . . .     Faith    .   b - +0 leather armour
rPois    .         Spirit   .   (no helmet)
rElec    .         Reflect  .   (no cloak)
rCorr    .         Harm     .   (no gloves)
MR       .....                  (no boots)
Stlth    +.........             (no amulet)
HPRegen  0.06/turn              (no ring)
MPRegen  0.09/turn              (no ring)

@: no status effects
A: no striking features
a: Depart the Abyss, Renounce Religion


You were on level 4 of the Dungeon.
You worshipped Lugonu.
Lugonu was aware of your devotion.
You were not hungry.

You visited 1 branch of the dungeon, and saw 4 of its levels.
You visited the Abyss 1 time.

You collected 11 gold pieces.

Inventory:

Hand Weapons
 a - a +1 falchion (weapon)
Missiles
 g - 14 poisoned darts (quivered)
Armour
 b - a +0 leather armour (worn)
Wands
 d - a wand of acid (7)
Scrolls
 f - a scroll of identify {unknown}
Potions
 e - a potion of agility {unknown}
Comestibles
 c - a ration


   Skills:
 + Level 2.5 Fighting
 * Level 2.1 Long Blades
 + Level 1.0 Armour
 + Level 3.0 Dodging
 + Level 0.5 Stealth
 + Level 2.2 Invocations


You had one spell level left.
You didn't know any spells.
Your spell library was empty.

Dungeon Overview and Level Annotations

Branches:
Dungeon (4/15)
 Temple: D:4-7

Altars:


Message History

The hound closely misses you. The hound barely misses you.
You closely miss the hound.
The hound is lightly wounded.
The hound closely misses you. x2; You riposte.
You closely miss the hound.
The hound is lightly wounded.
The hound bites you. The ogre barely misses you.
You riposte.
You hit the ogre.
The ogre is lightly wounded.
You miss the hound.
The hound is lightly wounded.
The hound bites you.
* * * LOW HITPOINT WARNING * * *
The hound misses you.
You hit the hound but do no damage. The hound bites you but does no damage.
The hound misses you.
You riposte.
You hit the hound.
The hound is lightly wounded.
The quokka bites you but does no damage.
You closely miss the hound.
The hound is lightly wounded.
The hound bites you.
You die...

..##.. #..#.#
.......##....# .
.......#.....# . ...
.............##.. ....
................ ....##
.............# .#.. .....
#.$.........# ..#..###...
#.......Ohr.#####..#..##...
#$.......#@.......##<.##..#
##......##.........#....#.#
##........................
....).........#............
.................###..##...
.#............##.##....#...
#.............#.....#.....
#..#..####...#####..#.....
##. #....# ##.#.....


You could see an ogre, a hound and a quokka.

Vanquished Creatures
  An adder (D:4)
  4 orcs (D:3)
  A bat (D:3)
  A hobgoblin (D:3)
  A kobold (D:3)
  A ball python (D:4)
  A ball python skeleton (D:4)
  A goblin (D:3)
11 creatures vanquished.

Vanquished Creatures (others)
  2 starspawn tentacles (Abyss:1)
2 creatures vanquished.

Grand Total: 13 creatures vanquished

Notes
Turn   | Place    | Note
-------+----------+-------------------------------------------
     0 | Abyss:1  | Esekla the Deep Elf Abyssal Knight began the quest for the
                  | Orb.
     0 | Abyss:1  | Reached XP level 1. HP: 13/13 MP: 4/4
    58 | Abyss:1  | Found an ancient bone altar of Kikubaaqudgha.
    60 | Abyss:1  | Noticed a large abomination
    97 | Abyss:1  | Noticed a tentacled starspawn
   109 | Abyss:1  | Noticed a tentacled starspawn
   115 | Abyss:1  | Noticed a starcursed mass
   117 | D:1      | Escaped the Abyss
   169 | D:3      | Reached skill level 1 in Armour
   176 | D:3      | Reached * piety under Lugonu
   181 | D:3      | Reached XP level 2. HP: 18/18 MP: 5/5
   226 | D:3      | Reached skill level 3 in Dodging
   306 | D:4      | Noticed an ogre
   318 | D:4      | Slain by a hound

Levels and vault maps discovered:
D:1:      dpeg_arrival_fog, layout_basic, okawaru_ov_weapons_minmay
D:2:      layout_loops_ring, uniq_jessica
D:3:      layout_basic, uniq_ijyb
D:4:      layout_cave_pools, lemuel_crystal_altar, serial_shops,
          nicolae_shop_trees, uniq_sigmund, uniq_edmund

Skill      XL: |  1  2 |
---------------+-------+-----
Armour         | 1 |  1.0
Dodging        | 3 |  3.0
Long Blades    | 2 |  2.1
Fighting       | |  2.5
Stealth        | |  0.5
Invocations    | |  2.2

Action                   || total
-------------------------++-------
Melee: Falchion          ||    44
Invok: Depart the Abyss  ||     1
  Use: Potion            ||     3
Armor: Leather armour    ||    21
Dodge: Dodged            ||    44
       Rpst.: Falchion   ||    12

Table legend:
 A = Non-vault XP
 B = Vault XP
 C = Vault XP percentage of total XP
 D = Non-vault monster count
 E = Vault monster count
 F = Vault count percentage of total count
                 A         B        C        D         E       F
            +---------+---------+-------+---------+---------+-------
      Total |      34 |       0 |   0.0 |      11 |       0 |   0.0
            +---------+---------+-------+---------+---------+-------
        D:3 |      19 |       0 |   0.0 |       8 |       0 |   0.0
        D:4 |      15 |       0 |   0.0 |       3 |       0 |   0.0
            +---------+---------+-------+---------+---------+-------
